 Dungeon Crawl Stone Soup version 0.28-a0-1159-g27aa881441 (webtiles) character file.

Game seed: 13015434011573297562

7 ders the Caller (level 1, -2/7 HPs)
             Began as a Felid Summoner on Dec 15, 2021.
             Slain by a ball python (3 damage)
             ... on level 1 of the Dungeon.
             The game lasted 00:00:22 (453 turns).

ders the Caller (Felid Summoner)                     Turns: 453, Time: 00:00:23

Health: -2/7       AC:  1    Str:  4    XL:     1   Next: 83%
Magic:  2/4        EV: 14    Int: 16    God:
Gold:   32         SH:  0    Dex: 16    Spells: 3/4 levels left
                                        Lives:  0   Deaths: 0

rFire   . . .      SeeInvis +   (weapon unavailable)
rCold   . . .      Faith    .   (shield unavailable)
rNeg    . . .      Spirit   .   (armour unavailable)
rPois   .          Reflect  .   (helmet unavailable)
rElec   .          Harm     .   (cloak unavailable)
rCorr   .          Rampage  .   (gloves unavailable)
Will    .....                   (boots unavailable)
Stlth   ++........              (no amulet)
HPRegen 0.02/turn               (no ring)
MPRegen 0.09/turn               (no ring)

@: constricted, quick
A: very small, claws 1, fangs 3, see invisible, speed 1, shaggy fur 1, stealthy
paws, no weapons or thrown items, no armour, multi-lived
a: no special abilities


You were on level 1 of the Dungeon.
You visited 1 branch of the dungeon, and saw 1 of its levels.

You collected 32 gold pieces.

Inventory:

Scrolls
 b - a scroll of teleportation {unknown}
Potions
 a - a potion of curing {unknown}


   Skills:
 + Level 3.0 Dodging
 - Level 2.6 Stealth
 + Level 2.1 Spellcasting
 + Level 4.1 Summonings


You had 3 spell levels left.
You knew the following spells:

 Your Spells              Type           Power      Damage    Failure   Level
a - Summon Small Mammal   Summ           56%        N/A       3%          1

Your spell library contained the following spells:

 Spells                   Type           Power      Damage    Failure   Level
 Call Imp                 Summ           14%        N/A       5%          2
 Call Canine Familiar     Summ           14%        N/A       11%         3
 Summon Guardian Golem    Hex/Summ       8%         N/A       26%         3
 Summon Lightning Spire   Summ/Air       8%         N/A       65%         4


Dungeon Overview and Level Annotations

Branches:
Dungeon (1/15)

Altars:


Innate Abilities, Weirdness & Mutations

You have sharp claws.
You have razor-sharp teeth.
You have supernaturally acute eyesight. (SInv)
You cover ground quickly. (Speed+)
You are covered in fur. (AC +1)
Your paws help you pounce on unaware monsters.
You are incapable of wielding weapons or throwing items.
You cannot wear armour.
You gain extra lives every three experience levels.


Message History

Casting: Summon Small Mammal (safe; 3% risk of failure)
Confirm with . or Enter, or press ? or * to list all spells.
Unknown command.
Casting: Summon Small Mammal (safe; 3% risk of failure)
Confirm with . or Enter, or press ? or * to list all spells.
Your rat closely misses the hobgoblin.
The hobgoblin hits your rat.
Your rat closely misses the hobgoblin.
Unknown command.
The hobgoblin barely misses your rat.
Your rat bites the hobgoblin but does no damage.
The hobgoblin barely misses your rat.
Your rat bites the hobgoblin.
The hobgoblin misses your rat.
Your rat bites the hobgoblin.
The hobgoblin dies!
Your bat disappears in a puff of smoke!
Found 4 atropa-tipped darts.
There is an open door here.
b - a scroll labelled JARYMA QAUPELI You now have 9 gold pieces.
You now have 22 gold pieces (gained 13).
You now have 32 gold pieces (gained 10).
You see here 4 atropa-tipped darts.
A ball python comes into view.
Found a stone staircase leading down.
The ball python hisses angrily.
A ball python is nearby!
Casting: Summon Small Mammal (safe; 3% risk of failure)
Confirm with . or Enter, or press ? or * to list all spells.
The ball python barely misses you. The ball python closely misses you.
The ball python completely misses you. The ball python grabs you.
The ball python constricts you. The ball python bites you.
The ball python constricts you.
Unknown command.
Casting: Summon Small Mammal (safe; 3% risk of failure)
Confirm with . or Enter, or press ? or * to list all spells.
The ball python bites you.
* * * LOW HITPOINT WARNING * * *
The ball python constricts you.
* * * LOW HITPOINT WARNING * * *
The ball python bites you.
You die...

#.#.# #.#
#.#.# #.#
..#.# #
#.# ..#.#
#. #.# ...
.## #.# .>
#.# ###
.####.# ..
#S.##.#
#.##@# #.#
#.#r## #.#
#.r.# #.#
###.# #.#
###.####.#
#........#
##########


You could see a ball python (ally target) and 2 friendly quokkas.

Vanquished Creatures (collateral kills)
  3 endoplasms (D:1)
  A goblin (D:1)
  A hobgoblin (D:1)
5 creatures vanquished.

Notes
Turn   | Place    | Note
-------+----------+-------------------------------------------
     0 | D:1      | ders the Felid Summoner began the quest for the Orb.
     0 | D:1      | Reached XP level 1. HP: 7/7 MP: 4/4
   453 | D:1      | Slain by a ball python

Illustrated notes

Levels and vault maps discovered:
D:1:      wheals_arrival_linesprint, layout_basic, serial_shops, shop,
          chequers_ecumenical_altar_simple, st_stairs_7

Skill      XL: |  1 |
---------------+----+-----
Dodging        | 3 |  3.0
Stealth        | |  2.6
Spellcasting   | |  2.1
Summonings     | |  4.1

Action                   || total
-------------------------++-------
 Cast: Summon Small Mamm ||    12
Dodge: Dodged            ||     4

Table legend: (Time is in decaauts)
 A = Elapsed time spent in this place.
 B = Non-inter-level travel time spent in this place.
 C = Inter-level travel time spent in this place.
 D = Time resting spent in this place.
 E = Time spent auto-exploring this place.
 F = Levels seen in this place.
 G = Mean time per level.
                   A        B        C        D        E       F      G
               +--------+--------+--------+--------+--------+-----+--------+
         Total |    416 |    416 |      0 |      0 |    348 |   1 |  416.0 |
       Dungeon |    416 |    416 |      0 |      0 |    348 |   1 |  416.0 |
               +--------+--------+--------+--------+--------+-----+--------+

Top non-repeatable levels by time:
     D:1: 416 daAuts
